Unix NetHack Version 5.0.0-0 post-release - last build Jul 19 2026 19:10:59 (3aa4ab31751d3886436d94b585a96704892fd477,branch:main).

Game began 2026-07-27 01:27:32, ended 2026-07-27 01:48:25.

HumaRuntu, chaotic female human Rogue

          --------
         --.--@h.--
         ...*))d..|
         ..).....-------
          ...|.|......<-
               -----....

HumaRuntu the Cutpurse  St:14 Dx:18 Co:12 In:13 Wi:10 Ch:12  Chaotic
Dlvl:4  $:212 HP:0(25) Pw:11(11) AC:7  Xp:3 T:1497 

Latest messages:
 You miss the dwarf.
 You hit the dwarf.
 The little dog misses the dwarf.
 The dwarf thrusts his broad short sword.
 The dwarf hits!
 The little dog bites the dwarf.
 The dwarf thrusts his broad short sword at the little dog.
 The dwarf misses the little dog.
 The little dog bites it.
 It thrusts its broad short sword at the little dog.
 It misses the little dog.
 You see here a yellowish brown gem.
 You hear some noises.
 What do you want to drink? [dhy or ?*] *
 You feel better.
 You see here a yellowish brown gem.
 You swap places with your little dog.
 You see here a dagger.
 $ - 17 gold pieces (212 in total).
 You miss the gnome.
 You miss the gnome.
 The little dog bites the gnome.
 The gnome misses the little dog.
 The gnome hits!
 You kill the gnome!
 Your little dog eats a gnome corpse.
 You see here a hooded cloak.
 You swap places with your little dog.
 You see here a hooded cloak.
 z - a hooded cloak.
 What do you want to wear? [z or ?*] z
 You are now wearing a hooded cloak.
 You hear crashing rock.
 You see here a slime mold.
 You hear crashing rock.
 A - a slime mold.
 You hear crashing rock.
 You hear some noises.
 Are you waiting to get hit?  Use 'm' prefix to force a no-op (to rest).
 You miss the dwarf.
 You hit the dwarf.
 The dwarf swings his pick-axe.
 The dwarf hits!
 You miss the dwarf.
 You hit the dwarf.
 The dwarf swings his pick-axe.
 The dwarf hits!
 You die...
 Do you want your possessions identified? [ynq] (y) y
 Do you want to see your attributes? [ynq] (y) q

Inventory:
 Coins    ('$')
  $ - 212 gold pieces
 Weapons  (')')
  o - 9 +0 darts
  i - 11 cursed -1 darts
  b - 10 +0 daggers (wielded in right hand)
  a - a +0 short sword (wielded in left hand)
 Armor    ('[')
  z - an uncursed fireproof +0 dwarvish cloak (being worn)
  c - an uncursed +1 leather armor (being worn)
 Comestibles  ('%')
  A - an uncursed slime mold
  u - an uncursed food ration
  n - a cursed sprig of wolfsbane
  g - an uncursed tripe ration
  t - a cursed rotten tin of newt meat
 Scrolls  ('?')
  j - a blessed scroll of enchant armor
  r - an uncursed scroll of identify
  m - an uncursed scroll of scare monster
 Potions  ('!')
  y - a blessed potion of extra healing
  h - 2 uncursed potions of healing
  d - an uncursed potion of sickness
 Rings    ('=')
  w - a cursed ring of searching
 Tools    ('(')
  f - an empty uncursed sack
  e - an uncursed lock pick

HumaRuntu the Rogue's attributes:

Background:
 You were a Cutpurse, a level 3 female human Rogue.
 You were chaotic, nominally on a mission for Kos
 who was opposed by Issek (lawful) and Mog (neutral).
 You were left-handed.
 You were in the Gnomish Mines, on level 4.
 You entered the dungeon 1497 turns ago.
 It was nighttime.
 You had 68 experience points, 12 more were needed to attain level 4.

Basics:
 You had 0 out of 25 hit points.
 You had all 11 energy points (spell power).
 Your armor class was 7.
 Your wallet contained 212 zorkmids.
 Autopickup was on for '$?!/="+' plus thrown.

Final Characteristics:
 Your strength was 14 (limit:18/100).
 Your dexterity was 18 (limit:18).
 Your constitution was 12 (limit:18).
 Your intelligence was 13 (limit:18).
 Your wisdom was 10 (limit:18).
 Your charisma was 12 (limit:18).

Final Status:
 You weren't hungry.
 You were unencumbered.
 You were wielding two weapons at once.
 You had basic skill with short sword and two weapons.
 You also had basic skill with dagger and two weapons.

Final Attributes:
 You were devoutly aligned.
 Your items were somewhat protected from fire.
 Your items were somewhat protected from cold.
 You were stealthy.
 You were warded.
 You are dead.

Miscellaneous:
 You didn't encounter any bones levels.
 Total elapsed playing time was 20 minutes and 51 seconds.

Major events:
 Turn
    1: HumaRuntu the chaotic female human Rogue entered the dungeon
 1351: attained the rank of Cutpurse (level 3)
 1371: entered the Gnomish Mines
 1497: killed by a dwarf

You didn't know any spells.

Skills:
 Fighting Skills
   bare handed combat [Unskilled]
   two weapon combat  [Basic]
   riding             [Unskilled]
 Weapon Skills
   dagger             [Basic]
   knife              [Unskilled]
   short sword        [Basic]
   broadsword         [Unskilled]
   long sword         [Unskilled]
   two-handed sword   [Unskilled]
   saber              [Unskilled]
   club               [Unskilled]
   mace               [Unskilled]
   morning star       [Unskilled]
   flail              [Unskilled]
   hammer             [Unskilled]
   polearms           [Unskilled]
   spear              [Unskilled]
   crossbow           [Unskilled]
   dart               [Unskilled]
   shuriken           [Unskilled]
 Spellcasting Skills
   divination spells  [Unskilled]
   escape spells      [Unskilled]
   matter spells      [Unskilled]

Voluntary challenges:
 Character rerolling was not enabled.
 You were an atheist.
 You were illiterate.
 You never genocided any monsters.
 You never polymorphed an object.
 You never changed form.
 You used no wishes.
Achievements:
 You entered a shop.
 You attained the rank of Cutpurse.
 You entered the Gnomish Mines.

 The Dungeons of Doom: levels 1 to 3
    Level 1:
       A fountain.
    Level 2:
    Level 3:
       A general store.
       Stairs down to The Gnomish Mines.
 The Gnomish Mines:
    Level 4: <- You were here.
       Final resting place for
          you, killed by a dwarf.


Vanquished creatures:
  a gnome leader
  2 dwarves
  2 giant rats
  7 gnomes
  2 geckos
  6 jackals
  a fox
  2 kobolds
  3 sewer rats
  6 grid bugs
  4 lichens
  a kobold zombie
  6 newts
43 creatures vanquished.

No species were genocided or became extinct.

Game over:
                       ----------
                      /          \
                     /    REST    \
                    /      IN      \
                   /     PEACE      \
                  /                  \
                  |    HumaRuntu     |
                  |      212 Au      |
                  |   killed by a    |
                  |      dwarf       |
                  |                  |
                  |                  |
                  |       2026       |
                 *|     *  *  *      | *
        _________)/\\_//(\/(/\)/\//\/|_)_______

Goodbye HumaRuntu the Rogue...

You died in The Gnomish Mines on dungeon level 4 with 623 points,
and 212 pieces of gold, after 1497 moves.
You were level 3 with a maximum of 25 hit points when you died.

